 Dungeon Crawl Stone Soup version 0.21-a0-552-g593960d (webtiles) character file.

21 tidbits the Caller (level 2, 0/20 HPs)
             Began as a Gnoll Summoner on Dec 17, 2017.
             Slain by a goblin (3 damage)
             ... on level 2 of the Dungeon.
             The game lasted 00:02:34 (304 turns).

tidbits the Caller (Gnoll Summoner)                  Turns: 304, Time: 00:02:35

Health: 0/20       AC:  2    Str: 10    XL:     2   Next: 87%
Magic:  5/7        EV: 14    Int: 15    God:
Gold:   9          SH:  0    Dex: 15    Spells: 9/10 levels left

rFire    . . .     SeeInvis .   a - +0 spear
rCold    . . .     Gourm    .   (no shield)
rNeg     . . .     Faith    .   e - +0 robe
rPois    .         Spirit   .   (no helmet)
rElec    .         Reflect  .   (no cloak)
rCorr    .         Harm     .   (no gloves)
MR       .....                  (no boots)
Stlth    +++.......             (no amulet)
HPRegen  0.06/turn              g - -2 ring of intelligence (curse)
MPRegen  0.10/turn              (no ring)

@: no status effects
A: distributed training, fangs 1, strong nose
a: no special abilities


You were on level 2 of the Dungeon.
You were not hungry.

You visited 1 branch of the dungeon, and saw 2 of its levels.

You collected 9 gold pieces.

Inventory:

Hand Weapons
 a - a +0 spear (weapon)
 i - a +0 short sword
Missiles
 d - 19 stones (quivered)
Armour
 e - a +0 robe (worn)
Jewellery
 g - a cursed -2 ring of intelligence (left hand)
   (You found it on level 1 of the Dungeon)
Scrolls
 k - a scroll of blinking {unknown}
Potions
 j - a potion of curing {unknown}
Books
 b - a book of Callings

   Spells                             Type                      Level
   a - Summon Small Mammal            Summoning                    1
   b - Call Imp                       Summoning                    2
   c - Call Canine Familiar           Summoning                    3
   d - Summon Guardian Golem          Hexes/Summoning              3
   e - Summon Lightning Spire         Summoning/Air                4
   f - Summon Ice Beast               Ice/Summoning                4
Comestibles
 c - a bread ration
 f - a meat ration
 h - a royal jelly


   Skills:
 + Level 0.5 Fighting
 + Level 0.5 Short Blades
 + Level 0.5 Long Blades
 + Level 0.5 Axes
 + Level 0.5 Maces & Flails
 + Level 0.5 Polearms
 + Level 0.5 Staves
 + Level 0.5 Slings
 + Level 0.5 Bows
 + Level 0.5 Crossbows
 + Level 0.5 Throwing
 + Level 0.5 Armour
 + Level 4.5 Dodging
 + Level 4.1 Stealth
 + Level 0.5 Shields
 + Level 0.5 Unarmed Combat
 + Level 4.9 Spellcasting
 + Level 0.3 Conjurations
 + Level 0.3 Hexes
 + Level 0.3 Charms
 + Level 7.0 Summonings
 + Level 0.3 Necromancy
 + Level 0.3 Translocations
 + Level 0.3 Transmutations
 + Level 0.3 Fire Magic
 + Level 0.3 Ice Magic
 + Level 0.3 Air Magic
 + Level 0.3 Earth Magic
 + Level 0.3 Poison Magic
 + Level 0.6 Invocations
 + Level 0.5 Evocations


You had 9 spell levels left.
You knew the following spells:

 Your Spells              Type           Power        Failure   Level  Hunger
a - Summon Small Mammal   Summ           ###.         1%          1    None


Dungeon Overview and Level Annotations

Branches:
Dungeon (2/15)

Altars:
Trog


Innate Abilities, Weirdness & Mutations

Your experience applies equally to all skills.
You have very sharp teeth.
Your uncanny sense of smell can sniff out nearby items.


Message History

Casting: Summon Small Mammal
Confirm with . or Enter, or press ? or * to list all spells.
Your quokka bites the hobgoblin.
The hobgoblin dies!
Your quokka bites the hobgoblin but does no damage.
The hobgoblin misses your bat.
Your quokka bites the hobgoblin but does no damage.
Your bat hits the hobgoblin.
Attack whom?
Press: ? - help, Dir - move target cursor, f - hobgoblin
Aim: a hobgoblin, wearing an animal skin (moderately wounded)
You reach to attack!
You hit the hobgoblin but do no damage.
The hobgoblin is moderately wounded.
Your bat hits the hobgoblin.
Your quokka bites the hobgoblin but does no damage.
The hobgoblin closely misses your quokka.
You hit the hobgoblin but do no damage.
The hobgoblin is heavily wounded.
Your bat hits the hobgoblin but does no damage.
Your quokka bites the hobgoblin.
The kobold misses your quokka. The hobgoblin hits your quokka.
You hit the hobgoblin.
You kill the hobgoblin!
Your bat closely misses the kobold.
The kobold throws a throwing net.
The throwing net hits your bat.
Your bat is caught in the net!
Attack whom?
Press: ? - help, Dir - move target cursor, f - kobold
Aim: a kobold, wearing an animal skin You reach to attack!
You closely miss the kobold.
Your bat struggles against the net. x3
The net rips apart, and your bat comes free!
The kobold hits your bat.
Attack whom?
Press: ? - help, Dir - move target cursor, f/p - kobold
Aim: a kobold, wearing an animal skin You could not reach far enough!
Your bat hits the kobold. Your quokka misses the kobold.
You hit the kobold but do no damage.
The kobold is moderately wounded.
Your quokka disappears in a puff of smoke!
Your bat closely misses the kobold.
The kobold closely misses you.
You closely miss the kobold.
The kobold is moderately wounded.
Your bat hits the kobold. The kobold closely misses you.
Casting: Summon Small Mammal
Confirm with . or Enter, or press ? or * to list all spells.
Your bat hits the kobold but does no damage.
The kobold hits your bat.
Your bat dies!
Your bat's corpse disappears in a puff of smoke!
The kobold shouts!
You hear a shout!
The kobold barely misses you.
You closely miss the kobold.
The kobold is moderately wounded.
Your quokka bites the kobold but does no damage.
The kobold closely misses you.
You closely miss the kobold.
The kobold is moderately wounded.
Your quokka bites the kobold.
The kobold hits your quokka but does no damage.
Your quokka barely misses the kobold.
You closely miss the kobold.
The kobold is heavily wounded.
The kobold hits you.
* * * LOW HITPOINT WARNING * * *
Your quokka bites the kobold.
The kobold dies!
The kobold throws a throwing net.
The throwing net hits your quokka.
Your quokka is caught in the net!
Your quokka struggles against the net.
Things that are here:
an animal skin; a kobold corpse Attack whom?
Press: ? - help, Dir - move target cursor, f - kobold
Aim: a kobold, wearing an animal skin You hit the kobold.
You kill the kobold!
Your quokka struggles against the net.
The goblin throws a stone.
The stone misses you.
Attack whom?
Press: ? - help, Dir - move target cursor, f - goblin
Aim: a goblin, wearing an animal skin You reach to attack!
You closely miss the goblin.
Your quokka struggles against the net. x2
Attack whom?
Press: ? - help, Dir - move target cursor, f/p - goblin
Aim: a goblin, wearing an animal skin You hit the goblin but do no damage.
Your quokka struggles against the net.
The net rips apart, and your quokka comes free!
The goblin closely misses you.
Attack whom?
Press: ? - help, Dir - move target cursor, f/p - goblin
Aim: a goblin, wearing an animal skin You hit the goblin.
The goblin is severely wounded.
Your quokka closely misses the goblin.
The goblin hits you.
You die...

#.# . #####.####.#
#........#.# #..(..(....#
#........# #........##
#.....(...# ## #.....(...#
..# ##.....[@r# (K≈.
#.......g##≈≈≈.(
#........(.gg(._
#........##≈≈≈.∆ #........#
.≈≈ #........# .. ######
..........########## .....#
....................#
.....##...###.#######...##.#


You could see a goblin and a friendly quokka.

Vanquished Creatures
  An adder (D:2)
  A dart slug (D:1)
  A bat (D:1)
  A hobgoblin (D:2)
  A kobold (D:2)
  A frilled lizard (D:1)
  A goblin (D:2)
7 creatures vanquished.

Vanquished Creatures (collateral kills)
  A goblin (D:2)
  2 hobgoblins
  4 kobolds (D:2)
  2 rats
9 creatures vanquished.

Grand Total: 16 creatures vanquished

Notes
Turn   | Place    | Note
-------+----------+-------------------------------------------
     0 | D:1      | tidbits the Gnoll Summoner began the quest for the Orb.
     0 | D:1      | Reached XP level 1. HP: 13/13 MP: 6/6
   121 | D:1      | Reached XP level 2. HP: 7/19 MP: 7/7
   206 | D:2      | HP: 1/20 [kobold/short sword (5)]
   245 | D:2      | Found a bloodstained altar of Trog.
   304 | D:2      | Slain by a goblin

Vault maps used:
D:1:      tarquinn_simple_flora_water_a
D:2:      nicolae_overflow_hidden_temple, trog_hazing_becter

Action                   || total
-------------------------++-------
Melee: Spear             ||    36
       Unarmed           ||     3
       Short sword       ||     4
       Bite              ||     2
 Cast: Summon Small Mamm ||    15
  Use: Scroll            ||     1
 Stab: Sleeping          ||     4
  Eat: Fruit             ||     2
Armor: Robe              ||     1
Dodge: Dodged            ||    23

Table legend:
 A = Spawn XP
 B = Non-spawn XP
 C = Spawn XP percentage of total XP
 D = Spawn monster count
 E = Non-spawn monster count
 F = Spawn count percentage of total count
 G = Total turns spent on level
                    A         B        C        D         E        F      G
               +---------+---------+-------+---------+---------+-------+---------
         Total |       0 |      31 |   0.0 |       0 |      16 |   0.0 |   304
               +---------+---------+-------+---------+---------+-------+---------
           D:1 |       0 |      10 |   0.0 |       0 |       5 |   0.0 |   130
           D:2 |       0 |      21 |   0.0 |       0 |      11 |   0.0 |   174
               +---------+---------+-------+---------+---------+-------+---------

Table legend:
 A = Turns spent in this place as a percentage of turns spent in the entire game.
 B = Non-inter-level travel turns spent in this place as a percentage of non-inter-level travel turns spent in the entire game.
 C = Inter-level travel turns spent in this place as a percentage of turns spent in this place.
 D = Turns resting spent in this place as a percentage of non-inter-level travel turns spent in this place.
 E = Turns spent auto-exploring this place as a percentage of non-inter-level travel turns spent in this place.
 F = Non-inter-level travel turns spent in this place divided by the number of levels of this place that you've seen.
                   A       B       C       D       E      F
               +-------+-------+-------+-------+-------+----------------------
         Total | 100.0 | 100.0 |   0.0 |   0.0 |   7.9 | 152.0
       Dungeon | 100.0 | 100.0 |   0.0 |   0.0 |   7.9 | 152.0
               +-------+-------+-------+-------+-------+----------------------

Table legend:
 A = Kills in this place as a percentage of kills in entire the game.
 B = Kills by you in this place as a percentage of kills by you in the entire game.
 C = Kills by friends in this place as a percentage of kills by friends in the entire game.
 D = Other kills in this place as a percentage of other kills in the entire game.
 E = Experience gained in this place as a percentage of experience gained in the entire game.
 F = Experience gained in this place divided by the number of levels of this place that you have seen.
                   A       B       C       D       E      F
               +-------+-------+-------+-------+-------+----------------------
         Total | 100.0 | 100.0 | 100.0 |   N/A | 100.0 |  15.5
       Dungeon | 100.0 | 100.0 | 100.0 |   N/A | 100.0 |  15.5
               +-------+-------+-------+-------+-------+----------------------

Vault maps used:
D:1:      tarquinn_simple_flora_water_a
D:2:      nicolae_overflow_hidden_temple, trog_hazing_becter
